 Dungeon Sprint DCSS version 0.26-a0-61-g6c07f0e (webtiles) character file.

Game seed: 14043779146416278637

241 smeego the Insei (level 6, -3/35 HPs)
             Began as a Vine Stalker Transmuter on June 9, 2020.
             Slain by a sky beast (4 damage)
             ... in the Dungeon (Sprint IX: "|||||||||||||||||||||||||||||").
             The game lasted 00:00:49 (54 turns).

smeego the Insei (Vine Stalker Transmuter)            Turns: 54, Time: 00:00:50

Health: -3/35      AC:  2    Str: 12    XL:     6   Next: 8%
Magic:  0/15       EV: 15    Int: 13    God:
Gold:   0          SH:  0    Dex: 17    Spells: 15/16 levels left

rFire    . . .     SeeInvis .     - Unarmed
rCold    . . .     Gourm    .   (no shield)
rNeg     . . .     Faith    .   b - +0 robe
rPois    .         Spirit   +   (no helmet)
rElec    .         Reflect  .   (no cloak)
rCorr    .         Harm     .   (no gloves)
MR       .....     NoTele   +   (no boots)
Stlth    ++........             (no amulet)
HPRegen  0.51/turn              (no ring)
MPRegen  0.14/turn              (no ring)

@: berserk cooldown, very slightly contaminated, slowed, very slow
A: fangs 2, regeneration 1, magic shield, antimagic bite, no potion heal 3, rot
immunity
a: no special abilities


You were in the Dungeon.
You were not hungry.

You visited 1 branch

Inventory:

Missiles
 a - 12 arrows
Armour
 b - a +0 robe (worn)
Scrolls
 j - a scroll of blinking
Potions
 e - a potion of curing
 f - a potion of heal wounds
 g - a potion of haste
 h - 2 potions of magic
Comestibles
 d - a ration


   Skills:
 + Level 4.8 Fighting
 + Level 4.7 Dodging
 + Level 6.1 Unarmed Combat
 + Level 5.8 Spellcasting
 + Level 5.6 Transmutations


You had 15 spell levels left.
You knew the following spells:

 Your Spells              Type           Power        Failure   Level  Hunger
a - Beastly Appendage     Tmut           ###...       1%          1    None

Your spell library contained the following spells:

 Spells                   Type           Power        Failure   Level  Hunger
 Sticks to Snakes         Tmut           ###.....     2%          2    ##.....
 Spider Form              Tmut/Pois      ##........   16%         3    ###....
 Blade Hands              Tmut           ###.......   43%         5    ######.
 Ice Form                 Ice/Tmut       ##......     47%         4    ####...


Dungeon Overview and Level Annotations

Branches:
Dungeon (1/1)

Altars:


Innate Abilities, Weirdness & Mutations

You have extremely sharp teeth.
Your natural rate of healing is unusually fast.
When hurt, damage is shared between your health and your magic reserves.
Your bite disrupts and absorbs the magic of your enemies.
Potions cannot restore your health.
You are immune to rotting.


Message History

Something shocks you.
You closely miss something. Something hits you. Something shocks you.
You miss something. Your kick misses something. Something hits you.
* * * LOW HITPOINT WARNING * * *
Something shocks you.
* * * LOW HITPOINT WARNING * * *
Something hits you but does no damage.
Okay, then.
Okay, then.
You completely miss something. You claw something. You bite something.
You drain its power.
You feel invigorated.
Your talons disappear.
Something hits you.
* * * LOW HITPOINT WARNING * * *
Something shocks you.
* * * LOW HITPOINT WARNING * * *
You hit something. You bite something. Something hits you.
* * * LOW HITPOINT WARNING * * *
Something shocks you.
You die...

▓)▓
▓(▓
▓.▓
▓.▓
▓.▓
▓'▓
▓†▓
▓†▓
▓@▓
▓{▓
▓≈▓
▓+▓


There were no monsters in sight!

Vanquished Creatures
  An ice beast (D)
  A centaur (D)
  A howler monkey (D)
  A hound (D)
  A leopard gecko (D)
  2 goblins (D)
  A jackal (D)
  A kobold (D)
9 creatures vanquished.

Notes
Turn   | Place    | Note
-------+----------+-------------------------------------------
     0 | D        | smeego the Vine Stalker Transmuter began the quest for the
                  | Orb.
     0 | D        | Reached XP level 1. HP: 9/9 MP: 4/4
     7 | D        | Reached skill level 1 in Fighting
    19 | D        | Reached XP level 2. HP: 11/14 MP: 4/6
    28 | D        | Noticed a howler monkey
    28 | D        | Noticed an ice beast
    28 | D        | Noticed a centaur
    28 | D        | Noticed a sky beast
    37 | D        | Killed a howler monkey
    37 | D        | Reached skill level 4 in Unarmed Combat
    37 | D        | Reached XP level 3. HP: 19/19 MP: 2/9
    40 | D        | Killed an ice beast
    40 | D        | Reached skill level 5 in Unarmed Combat
    40 | D        | Gained mutation: Your natural rate of healing is unusually
                  | fast. [Vine Stalker growth]
    40 | D        | Reached XP level 4. HP: 25/25 MP: 9/11
    40 | D        | Reached XP level 5. HP: 29/29 MP: 10/13
    43 | D        | Reached skill level 5 in Spellcasting
    43 | D        | Reached skill level 5 in Transmutations
    46 | D        | Killed a centaur
    46 | D        | Reached skill level 6 in Unarmed Combat
    46 | D        | Reached XP level 6. HP: 35/35 MP: 10/15
    54 | D        | HP: 1/35 [something (2)]
    54 | D        | Slain by a sky beast

Illustrated notes

Levels and vault maps discovered:
D:        linesprint [early_d, line_temple, items_1, d_10, items_2, lair_1,
          lair_end, items_3, orc_1, orc_end, items_4, d_15, swamp_1, shoals_1,
          snake_1, spider_1, d_20, vaults_1, items_5, swamp_end, shoals_end,
          snake_end, spider_end, vaults_end, d_27, items_6, zot_1, zot_end,
          crypt_end, forest_end, elf_end, slime_end, tomb_end, abyss_end,
          pan_hell_end]

Skill      XL: |  1  2  3  4  5 |
---------------+----------------+-----
Fighting       | 1 2 4 |  4.8
Dodging        | 2 3 4 |  4.7
Unarmed Combat | 4 5 6 |  6.1
Spellcasting   | 3 4 5 |  5.8
Transmutations | 3 4 5 |  5.6

Action                   |  1- 3 |  4- 6 || total
-------------------------+-------+-------++-------
Melee: Unarmed           |    22 |    11 ||    33
       Bite              |     6 |     3 ||     9
       Kick              |     1 |     2 ||     3
 Cast: Beastly Appendage |     1 |       ||     1
  Use: Potion            |     1 |       ||     1
Armor: Robe              |       |     2 ||     2
Dodge: Dodged            |    13 |     6 ||    19

Table legend:
 A = Non-vault XP
 B = Vault XP
 C = Vault XP percentage of total XP
 D = Non-vault monster count
 E = Vault monster count
 F = Vault count percentage of total count
                 A         B        C        D         E       F
            +---------+---------+-------+---------+---------+-------
      Total |       0 |     345 | 100.0 |       0 |       9 | 100.0
            +---------+---------+-------+---------+---------+-------
          D |       0 |     345 | 100.0 |       0 |       9 | 100.0
            +---------+---------+-------+---------+---------+-------
